AoeStats
← jessewald9

Arabia

509767517Analyzed
1v1 RM · 4d ago on Sep 27, 2026· 44m 37s· 2 players
Game mode
Random Map
Map size
Tiny (2 player)
Population
200
Speed
Normal
Resources
Standard
Victory
Conquest
Starting age
Dark Age
Ending age
Imperial Age
RankedLock teamsTeams togetherTeam positionsShared explorationLock speedFull tech treeHidden civsTurbo modeCheats
Victory
Defeat
🇨🇦 Varangians · Canada
928
+17
🇦🇷 Portuguese · Argentina
955
-17
jessewald9
8:16 Loom
10:33 Feudal Age
11:46 Double-Bit Axe
21:03 Castle Age
20:57 Forging
23:04 Scale Barding Armor
23:05 Husbandry
31:49 Wheelbarrow
31:41 Horse Collar
33:00 Bloodlines
39:08 Imperial Age
38:53 Vendel Legacy
40:19 Iron Casting
39:38 Cavalier
elrisas
6:22 Loom
9:32 Feudal Age
10:00 Town Watch
10:01 Double-Bit Axe
24:32 Castle Age
22:48 Scale Barding Armor
22:26 Horse Collar
23:25 Forging
24:15 Wheelbarrow
24:57 Pikeman
27:24 Bow Saw
27:44 Chain Barding Armor
30:58 Gold Mining
31:49 Iron Casting
35:02 Stone Mining
35:15 Heavy Plow
35:32 Hand Cart
37:48 Bloodlines
37:39 Husbandry
43:20 Imperial Age
40:37 Man-at-Arms
41:02 Gambesons
41:20 Scale Mail Armor
42:10 Long Swordsman
43:58 Capped Ram
45:19 Conscription
Connection lost

Rejoining the realm…

Still unreachable

The connection could not be restored.

Session expired

The server has moved on; the page needs a fresh start.